 Dungeon Crawl Stone Soup version 0.27.1-3-gb3d3a73c9e (webtiles) character file.

Game seed: 3916877102047666300

242 MiernyMiazsz the Chopper (level 5, -3/46 HPs)
             Began as a Minotaur Fighter on Oct 14, 2021.
             Slain by an orc warrior (12 damage)
             ... on level 4 of the Dungeon.
             The game lasted 00:06:25 (3145 turns).

MiernyMiazsz the Chopper (Minotaur Fighter)         Turns: 3145, Time: 00:06:25

Health: -3/46      AC:  8    Str: 21    XL:     5   Next: 82%
Magic:  4/4        EV:  8    Int:  5    God:
Gold:   180        SH:  9    Dex: 10    Spells: 4/4 levels left

rFire    . . .     SeeInvis .   n - +1 mace (distort)
rCold    . . .     Faith    .   c - +0 kite shield
rNeg     . . .     Spirit   .   b - +0 scale mail
rPois    .         Reflect  .   (helmet restricted)
rElec    .         Harm     .   r - +0 cloak {Stlth+}
rCorr    .         Rampage  .   (no gloves)
Will     .....                  (no boots)
Stlth    +.........             (no amulet)
HPRegen  0.15/turn              (no ring)
MPRegen  0.09/turn              (no ring)

@: no status effects
A: horns 2, retaliatory headbutt
a: no special abilities


You were on level 4 of the Dungeon.
You visited 1 branch of the dungeon, and saw 4 of its levels.

You collected 180 gold pieces.

Inventory:

Hand Weapons
 a - a +0 war axe
 l - a +0 mace
 m - a +0 mace
 n - a +1 mace of distortion (weapon)
 o - a +0 mace
 p - a +0 mace
 q - a +2 quarterstaff of chaos
Armour
 b - a +0 scale mail (worn)
 c - a +0 kite shield (worn)
 r - a +0 cloak of stealth (worn)
Jewellery
 s - an amulet of faith
Wands
 d - a wand of flame (14)
 e - a wand of iceblast (9)
Scrolls
 g - a scroll of amnesia
 h - 2 scrolls of magic mapping
 k - a scroll of teleportation
 t - a scroll of enchant weapon {unknown}
 v - a scroll of acquirement {unknown}
Potions
 f - 2 potions of curing
 i - a potion of ambrosia
 j - a potion of heal wounds
 u - a potion of cancellation {unknown}


   Skills:
 + Level 4.2 Fighting
 + Level 4.9(5.1) Axes
 + Level 2.1(3.8) Maces & Flails
 + Level 4.2 Armour
 + Level 1.8 Dodging
 + Level 4.7 Shields


You had 4 spell levels left.
You didn't know any spells.
Your spell library contained the following spells:

 Spells                   Type           Power      Damage    Failure   Level
 Animate Skeleton         Necr           0%         N/A       99%         1
 Pain                     Necr           0%         1d4       99%         1
 Vampiric Draining        Necr           0%         2d6       100%        3


Dungeon Overview and Level Annotations

Branches:
Dungeon (4/15)
 Temple: D:4-7

Altars:


Innate Abilities, Weirdness & Mutations

You have a pair of horns on your head.
You reflexively headbutt those who attack you in melee.


Message History

An orc warrior comes into view. It is wielding a +0 halberd.
The hobgoblin closely misses you. You furiously retaliate!
You headbutt the hobgoblin, but do no damage.
The orc warrior moves out of view.
The bullfrog skeleton hits you but does no damage.
You hit the bullfrog skeleton.
Space bends around the bullfrog skeleton.
You headbutt the bullfrog skeleton!
The bullfrog skeleton is almost destroyed.
The bullfrog skeleton barely misses you.
You furiously retaliate!
You headbutt the bullfrog skeleton!
You destroy the bullfrog skeleton!
The hobgoblin barely misses you.
An orc priest comes into view. It is wielding a +0 hand axe.
The hobgoblin hits you.
Your base Maces & Flails skill increases to level 2!
The orc priest shouts!
You hit the jackal skeleton but do no damage.
You headbutt the jackal skeleton!
You destroy the jackal skeleton!
The orc priest casts a cantrip, but nothing happens.
The hobgoblin barely misses you.
A ball python comes into view.
You closely miss the hobgoblin. The hobgoblin hits you.
You block the hobgoblin's attack. You block the orc warrior's attack.
The hobgoblin hits you but does no damage.
You hit the hobgoblin but do no damage.
The hobgoblin blinks!
The orc warrior barely misses you. You furiously retaliate!
You headbutt the orc warrior, but do no damage.
The orc hits you with a +0 war axe.
You barely miss the orc warrior. Your headbutt misses the orc warrior.
The orc warrior hits you with a +0 halberd!
The orc hits you but does no damage.
The orc warrior hits you with a +0 halberd!
* * * LOW HITPOINT WARNING * * *
You are too injured to fight recklessly!
You are too injured to fight recklessly!
The orc warrior hits you from afar with a +0 halberd!
You die...

....... ###... #..
.......## ###..##.
....S...# #..... ........##
# #..###. .....o...###
....# . #.
.#..#..#.o.##..... #.
..##.#oo..g..# .....
....##S#.#### .....#
###..##@#....# ..... .
##....#...###############
...........##....)..#......
....#.##....#.#####.#.#####
#..#....#.##.#...#.#.#...#
#.....#.##...#.#.#...#.#
#####.......#####.#.#####.#
......>...........#.......#
#...##......###############


You could see an orc warrior, an orc priest, an orc and a ball python.

Vanquished Creatures
  A bullfrog skeleton (D:4)
  Crazy Yiuf (D:2)
  2 iguanas
  A hound skeleton (D:2)
  4 adders
  A gnoll (D:1)
  A worm (D:2)
  6 orcs (D:3)
  An endoplasm (D:4)
  A giant cockroach (D:1)
  4 goblins
  7 hobgoblins
  8 jackals
  5 quokkas
  5 ball pythons
  5 bats (D:1)
  6 frilled lizards
  A jackal skeleton (D:4)
  2 kobolds (D:1)
  6 rats
68 creatures vanquished.

Notes
Turn   | Place    | Note
-------+----------+-------------------------------------------
     0 | D:1      | MiernyMiazsz the Minotaur Fighter began the quest for the
                  | Orb.
     0 | D:1      | Reached XP level 1. HP: 19/19 MP: 0/0
   190 | D:1      | Found a faded altar of an unknown god.
   211 | D:1      | Reached XP level 2. HP: 27/27 MP: 1/1
   387 | D:1      | Reached skill level 1 in Dodging
   604 | D:1      | Reached XP level 3. HP: 33/33 MP: 2/2
  1225 | D:2      | Found a runed translucent door.
  1226 | D:2      | Noticed Crazy Yiuf
  1351 | D:2      | Reached XP level 4. HP: 40/40 MP: 3/3
  1754 | D:2      | Killed Crazy Yiuf
  2420 | D:3      | Reached XP level 5. HP: 41/46 MP: 4/4
  2582 | D:3      | Reached skill level 1 in Maces & Flails
  3133 | D:4      | Noticed an orc warrior
  3145 | D:4      | Slain by an orc warrior

Illustrated notes

Levels and vault maps discovered:
D:1:      eino_arrival_cavern_e, layout_basic,
          hellmonk_ecumenical_altar_arch_garden
D:2:      layout_rooms, uniq_crazy_yiuf_cottage
D:3:      layout_basic
D:4:      layout_cave_pools, minmay_temple_entry_mist, patterned_corridor

Skill      XL: |  1  2  3  4  5 |
---------------+----------------+-----
Shields        | 4 |  4.7
Dodging        | 1 |  1.8
Axes           | 3 4 |  4.9
Fighting       | 4 |  4.2
Maces & Flails | 2 |  2.1
Armour         | 4 |  4.2

Action                   |  1- 3 |  4- 6 || total
-------------------------+-------+-------++-------
Melee: War axe           |    77 |    19 ||    96
       Headbutt          |     8 |    15 ||    23
       Mace              |       |    54 ||    54
  Use: Scroll            |     3 |     4 ||     7
       Potion            |       |     1 ||     1
Armor: Scale mail        |    33 |    38 ||    71
Dodge: Dodged            |    28 |    25 ||    53
Block: Kite shield       |    55 |    40 ||    95
